PL
WIZARDING EXPRESS @ ATLANTA SMOKE
09/24/2027
 
TOP OF THE 1ST
Wizarding Express batting - Pitching for Atlanta Smoke : RHP Fraser Cuevas
Pitching: RHP Fraser Cuevas
Batting: RHB António Martínez 0-0: Ball
1-0: Called Strike
1-1: Swinging Strike
1-2: Ground out 6-3 (Groundball, 6)
Batting: RHB Rafael Arredondo 0-0: Ball
1-0: Swinging Strike
1-1: Ball
2-1: Fly out, F9 (Flyball, 9D)
Batting: SHB Salvador Trevino 0-0: Ball
1-0: Ball
2-0: SINGLE (Groundball, 6MD)
Batting: LHB Nathan Tanner 0-0: Fly out, F5 (Line Drive, 56)
Top of the 1st over - 0 run(s), 1 hit(s), 0 error(s), 1 left on base; Wizarding 0 - Atlanta 0
BOTTOM OF THE 1ST
Atlanta Smoke batting - Pitching for Wizarding Express : RHP Ralph McKinney
Pitching: RHP Ralph McKinney
Batting: RHB Bartolo Morales 0-0: SINGLE (Line Drive, 8LS)
Batting: LHB Bernardo Elías 0-0: Ball
1-0: Ball
2-0: Ball
3-0: Called Strike
3-1: Swinging Strike
3-2: Strikes out swinging
Batting: RHB Gabriel Maldonado 0-0: Called Strike
Throwing error on steal attempt, E2
Bartolo Morales to third
0-1: Swinging Strike
0-2: Ball
1-2: Foul Ball, location: 2F
1-2: Fly out, F5 (Line Drive, 5S)
Lined into DP, U5 (Line Drive, 5S)
Bottom of the 1st over - 0 run(s), 1 hit(s), 1 error(s), 0 left on base; Wizarding 0 - Atlanta 0
TOP OF THE 2ND
Wizarding Express batting - Pitching for Atlanta Smoke : RHP Fraser Cuevas
Batting: LHB John Brewer 0-0: Ball
1-0: Foul Ball, location: 2F
1-1: Foul Ball, location: 2F
1-2: Ball
2-2: Ball
3-2: SOLO HOME RUN (Flyball, 9D), Distance : 387 ft
Batting: LHB Kyung-chor Pang 0-0: Ball
1-0: Foul Ball, location: 2F
1-1: SINGLE (Line Drive, 4)
Batting: SHB Félix Cruz 0-0: Ball
1-0: SINGLE (Groundball, 34) (infield hit)
Kyung-chor Pang to second
Batting: LHB José Corona 0-0: Ball
1-0: Ball
Wild Pitch!
Kyung-chor Pang to third
Félix Cruz to second
2-0: Swinging Strike
2-1: Ball
3-1: Base on Balls
Batting: SHB Emílio Gonzáles 0-0: Swinging Strike
0-1: Ball
1-1: Called Strike
1-2: Foul Ball, location: 2F
1-2: Strikes out swinging
Batting: RHB António Martínez 0-0: Called Strike
0-1: Ball
1-1: Foul Ball, location: 2F
1-2: DOUBLE (Groundball, 5L)
Kyung-chor Pang scores
Félix Cruz scores
José Corona to third
Batting: RHB Rafael Arredondo 0-0: Fly out, F9 (Flyball, 9S)
Batting: SHB Salvador Trevino 0-0: Called Strike
0-1: Ball
1-1: Called Strike
1-2: Ball
2-2: Strikes out swinging, 2-3 out at first.
Top of the 2nd over - 3 run(s), 4 hit(s), 0 error(s), 2 left on base; Wizarding 3 - Atlanta 0
BOTTOM OF THE 2ND
Atlanta Smoke batting - Pitching for Wizarding Express : RHP Ralph McKinney
Batting: LHB Ned Durand 0-0: Ball
1-0: Ball
2-0: Swinging Strike
2-1: Foul Ball, location: 2F
2-2: Fly out, F7 (Flyball, 78D)
Batting: RHB Layton Templeman 0-0: Ball
1-0: Ball
2-0: Ground out 5-3 (Groundball, 5)
Batting: SHB Roku Hara 0-0: Called Strike
0-1: Foul Ball, location: 2F
0-2: Ball
1-2: Strikes out swinging
Bottom of the 2nd over - 0 run(s), 0 hit(s), 0 error(s), 0 left on base; Wizarding 3 - Atlanta 0
TOP OF THE 3RD
Wizarding Express batting - Pitching for Atlanta Smoke : RHP Fraser Cuevas
Batting: LHB Nathan Tanner 0-0: Fly out, F7 (Flyball, 7S)
Batting: LHB John Brewer 0-0: Called Strike
0-1: Swinging Strike
0-2: SINGLE (Flyball, 89S)
Batting: LHB Kyung-chor Pang 0-0: Foul Ball, location: 2F
0-1: 2-RUN HOME RUN (Flyball, 9LD), Distance : 356 ft
Batting: SHB Félix Cruz 0-0: Called Strike
0-1: Called Strike
0-2: Strikes out swinging
Batting: LHB José Corona 0-0: Called Strike
0-1: Ball
1-1: Fly out, F7 (Line Drive, 7)
Top of the 3rd over - 2 run(s), 2 hit(s), 0 error(s), 0 left on base; Wizarding 5 - Atlanta 0
BOTTOM OF THE 3RD
Atlanta Smoke batting - Pitching for Wizarding Express : RHP Ralph McKinney
Batting: RHB Pedro Morales 0-0: Foul Ball, location: 2F
0-1: Ball
1-1: Ground out 5-3 (Groundball, 56)
Batting: RHB Steve Dunn 0-0: Ball
1-0: Called Strike
1-1: Foul Ball, location: 2F
1-2: Strikes out swinging
Batting: RHB Travis Newsome 0-0: Swinging Strike
0-1: Swinging Strike
0-2: Ball
1-2: Foul Ball, location: 2F
1-2: Foul Ball, location: 2F
1-2: Foul Ball, location: 2F
1-2: Ball
2-2: Foul Ball, location: 2F
2-2: Fly out, F6 (Popup, 5D)
Bottom of the 3rd over - 0 run(s), 0 hit(s), 0 error(s), 0 left on base; Wizarding 5 - Atlanta 0
TOP OF THE 4TH
Wizarding Express batting - Pitching for Atlanta Smoke : RHP Fraser Cuevas
Batting: SHB Emílio Gonzáles 0-0: Called Strike
0-1: Ground out U3 (Groundball, 3)
Batting: RHB António Martínez 0-0: Ball
1-0: Swinging Strike
1-1: Foul Ball, location: 2F
1-2: Foul Ball, location: 2F
1-2: Ball
2-2: SINGLE (Groundball, 56D)
Batting: RHB Rafael Arredondo 0-0: Called Strike
0-1: Called Strike
0-2: Ball
1-2: Ball
2-2: Fly out, F8 (Flyball, 8LD)
Batting: SHB Salvador Trevino 0-0: Ball
1-0: SINGLE (Line Drive, 8LS)
António Martínez to second
Batting: LHB Nathan Tanner 0-0: SINGLE (Groundball, 56D)
António Martínez to third
Salvador Trevino to second
Runner from 3rd tries for Home, SAFE, no throw
Pitching: RHP Kent Clement
Batting: LHB John Brewer 0-0: Ball
1-0: Swinging Strike
1-1: Swinging Strike
1-2: Ball
2-2: Strikes out swinging
Top of the 4th over - 1 run(s), 3 hit(s), 0 error(s), 2 left on base; Wizarding 6 - Atlanta 0
BOTTOM OF THE 4TH
Atlanta Smoke batting - Pitching for Wizarding Express : RHP Ralph McKinney
Batting: RHB Bartolo Morales 0-0: Foul Ball, location: 2F
0-1: Ball
1-1: Ground out 6-3 (Groundball, 6)
Batting: LHB Bernardo Elías 0-0: Foul Ball, location: 2F
0-1: Foul Ball, location: 2F
0-2: Ball
1-2: SINGLE (Line Drive, 6D)
Batting: RHB Gabriel Maldonado 0-0: Foul Ball, location: 2F
0-1: Ball
1-1: Foul Ball, location: 2F
1-2: Fly out, F8 (Flyball, 8LM)
Batting: LHB Ned Durand 0-0: Called Strike
0-1: Called Strike
0-2: Ball
1-2: Ball
Bernardo Elías steals 2nd base
2-2: Fly out, F3 (Line Drive, 3)
Bottom of the 4th over - 0 run(s), 1 hit(s), 0 error(s), 1 left on base; Wizarding 6 - Atlanta 0
TOP OF THE 5TH
Wizarding Express batting - Pitching for Atlanta Smoke : RHP Kent Clement
Batting: LHB Kyung-chor Pang 0-0: Ball
1-0: Foul Ball, location: 2F
1-1: Ball
2-1: Swinging Strike
2-2: Ball
3-2: Strikes out looking
Batting: SHB Félix Cruz 0-0: Ball
1-0: Called Strike
1-1: Ground out 4-3 (Groundball, 4S)
Batting: LHB José Corona 0-0: Ball
1-0: Ball
2-0: Called Strike
2-1: Ball
3-1: Called Strike
3-2: SINGLE (Line Drive, 78S)
Batting: SHB Emílio Gonzáles 0-0: Foul Ball, location: 2F
0-1: Ball
1-1: Foul Ball, location: 2F
1-2: Strikes out swinging
Top of the 5th over - 0 run(s), 1 hit(s), 0 error(s), 1 left on base; Wizarding 6 - Atlanta 0
BOTTOM OF THE 5TH
Atlanta Smoke batting - Pitching for Wizarding Express : RHP Ralph McKinney
Batting: RHB Layton Templeman 0-0: Ball
1-0: Called Strike
1-1: Ball
2-1: SINGLE (Line Drive, 4M)
Batting: SHB Roku Hara 0-0: Ball
1-0: Ball
2-0: Swinging Strike
2-1: Called Strike
2-2: Strikes out swinging
Batting: RHB Pedro Morales 0-0: Fly out, F9 (Flyball, 9)
Batting: RHB Steve Dunn 0-0: Ball
1-0: Ball
2-0: Ball
Wild Pitch!
Layton Templeman to second
3-0: Base on Balls
Batting: RHB Travis Newsome 0-0: Ball
1-0: Foul Ball, location: 2F
1-1: Swinging Strike
1-2: Strikes out swinging
Bottom of the 5th over - 0 run(s), 1 hit(s), 0 error(s), 2 left on base; Wizarding 6 - Atlanta 0
TOP OF THE 6TH
Wizarding Express batting - Pitching for Atlanta Smoke : RHP Kent Clement
Batting: RHB António Martínez 0-0: SOLO HOME RUN (Line Drive, 7D), Distance : 393 ft
Batting: RHB Rafael Arredondo 0-0: Ball
1-0: Ball
2-0: Swinging Strike
2-1: Ball
3-1: Foul Ball, location: 2F
3-2: Strikes out looking
Batting: SHB Salvador Trevino 0-0: Swinging Strike
0-1: Swinging Strike
0-2: Foul Ball, location: 2F
0-2: Ball
1-2: Strikes out swinging
Batting: LHB Nathan Tanner 0-0: Foul Ball, location: 2F
0-1: Ball
1-1: Foul Ball, location: 2F
1-2: Ball
2-2: Foul Ball, location: 2F
2-2: Fly out, F8 (Line Drive, 8RM)
Top of the 6th over - 1 run(s), 1 hit(s), 0 error(s), 0 left on base; Wizarding 7 - Atlanta 0
BOTTOM OF THE 6TH
Atlanta Smoke batting - Pitching for Wizarding Express : RHP Ralph McKinney
Batting: RHB Bartolo Morales 0-0: Ball
1-0: Ground out 5-3 (Groundball, 56S)
Batting: LHB Bernardo Elías 0-0: Foul Ball, location: 2F
0-1: Ball
1-1: SINGLE (Line Drive, 34D)
Batting: RHB Gabriel Maldonado 0-0: Called Strike
0-1: Ball
1-1: Ball
2-1: Called Strike
2-2: Ground out 5-3 (Groundball, 5S)
Bernardo Elías to second
Batting: LHB Ned Durand 0-0: Ball
1-0: SINGLE (Line Drive, 8LS)
Bernardo Elías to third
Runner from 3rd tries for Home, SAFE, no throw
Batting: RHB Layton Templeman 0-0: Called Strike
0-1: Swinging Strike
0-2: Foul Ball, location: 2F
0-2: Strikes out looking
Bottom of the 6th over - 1 run(s), 2 hit(s), 0 error(s), 1 left on base; Wizarding 7 - Atlanta 1
TOP OF THE 7TH
Wizarding Express batting - Pitching for Atlanta Smoke : RHP Kent Clement
Batting: LHB John Brewer 0-0: Foul Ball, location: 2F
0-1: Called Strike
0-2: Ground out 4-3 (Groundball, 4)
Batting: LHB Kyung-chor Pang 0-0: Swinging Strike
0-1: Called Strike
0-2: Ball
1-2: Ball
2-2: Foul Ball, location: 2F
2-2: Strikes out swinging
Batting: SHB Félix Cruz 0-0: Called Strike
0-1: Ground out 6-3 (Groundball, 6M)
Top of the 7th over - 0 run(s), 0 hit(s), 0 error(s), 0 left on base; Wizarding 7 - Atlanta 1
BOTTOM OF THE 7TH
Atlanta Smoke batting - Pitching for Wizarding Express : RHP Ralph McKinney
Batting: SHB Roku Hara 0-0: Ball
1-0: Ball
2-0: Foul Ball, location: 2F
2-1: Foul Ball, location: 2F
2-2: Fly out, F7 (Flyball, 7S)
Pitching: RHP Frank Morse
Batting: RHB Pedro Morales 0-0: Ball
1-0: Called Strike
1-1: Ball
2-1: Swinging Strike
2-2: Ball
3-2: Strikes out looking
Batting: RHB Steve Dunn 0-0: Called Strike
0-1: Swinging Strike
0-2: Foul Ball, location: 2F
0-2: Ball
1-2: Strikes out swinging
Bottom of the 7th over - 0 run(s), 0 hit(s), 0 error(s), 0 left on base; Wizarding 7 - Atlanta 1
TOP OF THE 8TH
Wizarding Express batting - Pitching for Atlanta Smoke : RHP Kent Clement
Batting: LHB José Corona 0-0: Called Strike
0-1: Ball
1-1: Fly out, F7 (Flyball, 7)
Pitching: RHP Ricardo Gómez
Batting: SHB Emílio Gonzáles 0-0: Ball
1-0: Ball
2-0: Called Strike
2-1: Swinging Strike
2-2: Strikes out swinging
Batting: RHB António Martínez 0-0: Ball
1-0: Ground out 5-3 (Groundball, 56)
Top of the 8th over - 0 run(s), 0 hit(s), 0 error(s), 0 left on base; Wizarding 7 - Atlanta 1
BOTTOM OF THE 8TH
Atlanta Smoke batting - Pitching for Wizarding Express : RHP Frank Morse
Batting: RHB Travis Newsome 0-0: Ball
1-0: Ball
2-0: Foul Ball, location: 2F
2-1: Called Strike
2-2: Foul Ball, location: 2F
2-2: Ball
3-2: Base on Balls
Batting: RHB Bartolo Morales 0-0: Foul Ball, location: 2F
0-1: Ball
1-1: Foul Ball, location: 2F
1-2: Fly out, F7 (Line Drive, 7)
Batting: LHB Bernardo Elías 0-0: Ball
1-0: Ball
2-0: Fielders Choice at 2nd, 5-4 (Groundball, 56)
Batting: RHB Gabriel Maldonado 0-0: Ball
1-0: Called Strike
1-1: Ground out 1-3 (Groundball, 15)
Bottom of the 8th over - 0 run(s), 0 hit(s), 0 error(s), 1 left on base; Wizarding 7 - Atlanta 1
TOP OF THE 9TH
Wizarding Express batting - Pitching for Atlanta Smoke : RHP Ricardo Gómez
Batting: RHB Rafael Arredondo 0-0: Called Strike
0-1: Fly out, F7 (Flyball, 7LD)
Batting: SHB Salvador Trevino 0-0: Ball
1-0: Called Strike
1-1: Called Strike
1-2: SINGLE (Groundball, 6D)
Batting: LHB Nathan Tanner 0-0: Ball
1-0: Ball
2-0: Foul Ball, location: 2F
2-1: Called Strike
2-2: Foul Ball, location: 2F
2-2: Strikes out swinging
Batting: LHB John Brewer 0-0: Ball
1-0: Ball
2-0: Ball
3-0: Ground out U3 (Groundball, 3)
Top of the 9th over - 0 run(s), 1 hit(s), 0 error(s), 1 left on base; Wizarding 7 - Atlanta 1
BOTTOM OF THE 9TH
Atlanta Smoke batting - Pitching for Wizarding Express : RHP Frank Morse
Batting: LHB Ned Durand 0-0: Ball
1-0: Foul Ball, location: 2F
1-1: Called Strike
1-2: Strikes out swinging
Pitching: LHP Eijiro Takahashi
Batting: RHB Layton Templeman 0-0: Ball
1-0: Foul Ball, location: 2F
1-1: Ball
2-1: Fly out, F8 (Line Drive, 8LD)
Batting: SHB Roku Hara 0-0: Foul Ball, location: 2F
0-1: Foul Ball, location: 2F
0-2: Ball
1-2: Strikes out looking
Bottom of the 9th over - 0 run(s), 0 hit(s), 0 error(s), 0 left on base; Wizarding 7 - Atlanta 1
Saturday, May 26th, 2018 - OOTP Baseball 17.12 Build 75